 Dungeon Crawl Stone Soup version 0.29.1-15-g9cfb28693d (webtiles) character file.

Game seed: 6263721146379387160

54 Lanemaroo the Conjurer (level 4, 0/30 HPs)
             Began as a Human Conjurer on Mar 13, 2023.
             Killed by divine providence
             ... invoked by an orc priest
              (13 damage)
             ... on level 3 of the Dungeon.
             The game lasted 00:33:23 (1581 turns).

Lanemaroo the Conjurer (Human Conjurer)             Turns: 1581, Time: 00:33:24

Health: 0/30       AC:  4    Str:  7    XL:     4   Next: 12%
Magic:  7/7        EV: 12    Int: 21    God:
Gold:   100        SH:  0    Dex: 11    Spells: 2/7 levels left

rFire   . . .      SeeInvis .   e - +2 short sword
rCold   . . .      Faith    .   (no shield)
rNeg    . . .      Spirit   .   a - +0 robe
rPois   .          Reflect  .   (no helmet)
rElec   .          Harm     .   j - +0 cloak
rCorr   .          Rampage  .   k - +0 pair of gloves
Will    .....                   (no boots)
Stlth   ++........              c - amulet of magic regeneration
HPRegen 0.10/turn               (no ring)
MPRegen 0.50/turn               (no ring)

@: no status effects
A: no striking features
a: no special abilities


You were on level 3 of the Dungeon.
You visited 1 branch of the dungeon, and saw 3 of its levels.

You collected 100 gold pieces.

Inventory:

Hand Weapons
 e - a +2 short sword (weapon)
Missiles
 f - 11 stones
Armour
 a - a +0 robe (worn)
 d - an orb of wrath
 j - a +0 cloak (worn)
 k - a +0 pair of gloves (worn)
Jewellery
 c - an amulet of magic regeneration (around neck)
 i - an amulet of reflection
Scrolls
 l - a scroll of poison
 m - a scroll of fear
Potions
 b - a potion of magic
 g - 2 potions of curing {unknown}
 h - 2 potions of brilliance {unknown}


   Skills:
 + Level 2.0 Dodging
 + Level 2.3 Stealth
 * Level 2.4 Spellcasting
 * Level 5.0 Conjurations


You had 2 spell levels left.
You knew the following spells:

 Your Spells              Type           Power      Damage    Failure   Level
a - Magic Dart            Conj           92%        1d7       1%          1
b - Searing Ray           Conj           46%        2d6       2%          2
c - Scorch                Fire           4%         2d5       22%         2

Your spell library contained the following spells:

 Spells                   Type           Power      Damage    Failure   Level
 Dazzling Flash           Conj/Hex       26%        N/A       16%         3
 Flame Wave               Conj/Fire      13%        2d6       45%         4
 Fulminant Prism          Conj/Hex       6%         3d7       45%         4
 Iskenderun's Mystic Bla  Conj/Tloc      13%        2d5       45%         4
 Summon Cactus Giant      Summ           1%         N/A       100%        6


Dungeon Overview and Level Annotations

Branches:
Dungeon (3/15)

Altars:
Ru


Message History

2 orcs come into view.
Found a stone staircase leading up.
The orc shouts!
Casting: Scorch (safe; 22% risk of failure)
Confirm with . or Enter, or press ? or * to list all spells.
Nothing appears to happen.
The orc shouts!
An orc priest comes into view.
It is wielding a +1 flail of holy wrath.
Casting: Scorch (safe; 22% risk of failure)
Confirm with . or Enter, or press ? or * to list all spells.
Nothing appears to happen.
The orc priest shouts!
An orc priest comes into view. It is wielding a +0 hand axe.
Unknown command.
Casting: Scorch (safe; 22% risk of failure)
Confirm with . or Enter, or press ? or * to list all spells.
You miscast Scorch.
You are very lightly contaminated with residual magic.
Nothing appears to happen.
The orc priest mumbles some strange prayers to Beogh against you.
Beogh smites you!
Casting: Scorch (safe; 22% risk of failure)
Confirm with . or Enter, or press ? or * to list all spells.
Flames lash the orc.
The orc is heavily wounded.
The orc's fire resistance burns away.
The orc priest miscasts a cantrip.
Your magical contamination has completely faded away.
You completely miss the orc.
The orc is heavily wounded.
The orc is no longer more vulnerable to fire.
The orc hits you with a +0 short sword. The orc attacks as you move away!
The orc barely misses you.
You hit the orc.
You kill the orc!
The orc attacks as you move away! The orc completely misses you.
The orc attacks as you move away! The orc hits you with a +0 mace.
The orc priest calls down the wrath of Beogh upon you.
Beogh smites you!
You die...

.......#......>##.###
.....#..........#.o.#
.........##.#..####.##
#.............####..#
#...........#....##.#
###..#..............#o####
#......<..................#
.......#............o.....#
...............@.o.......#
###.####..................#
#.....##...#...##...#.....#
.......#.############.....#
....)..#.# #.....#
..._.....# #.....#
.......#.# #.....#
.......#.# #######
#.....##.#


You could see 2 orc priests and an orc.

Vanquished Creatures
  An adder (D:2)
  5 orcs
  5 endoplasms
  3 giant cockroaches
  5 goblins
  5 hobgoblins
  4 kobolds
  A quokka (D:2)
  2 bats
  2 frilled lizards
  2 rats
35 creatures vanquished.

Vanquished Creatures (others)
  9 plants (D:1)
9 creatures vanquished.

Grand Total: 44 creatures vanquished

Notes
Turn   | Place    | Note
-------+----------+-------------------------------------------
     0 | D:1      | Lanemaroo the Human Conjurer began the quest for the Orb.
     0 | D:1      | Reached XP level 1. HP: 13/13 MP: 3/3
   355 | D:1      | Reached XP level 2. HP: 19/19 MP: 0/5
   696 | D:2      | Learned a level 2 spell: Searing Ray
   854 | D:2      | Reached XP level 3. HP: 24/24 MP: 2/6
  1382 | D:3      | Found a sacrificial altar of Ru.
  1413 | D:3      | Reached XP level 4. HP: 30/30 MP: 1/7
  1423 | D:3      | Reached skill level 5 in Conjurations
  1535 | D:3      | Learned a level 2 spell: Scorch
  1581 | D:3      | Killed from afar by an orc priest

Illustrated notes

Levels and vault maps discovered:
D:1:      heliophobic_arrival_glass_houses, layout_rooms, serial_forest,
          infiniplex_forest_clump_double, infiniplex_forest_diagonal,
          infiniplex_forest_straight_3, infiniplex_forest_lined_corner,
          infiniplex_forest_corner_1, infiniplex_forest_clump_long,
          infiniplex_forest_clump_curved, infiniplex_forest_lined_3,
          infiniplex_forest_lined_room_2, infiniplex_forest_clump_small
D:2:      layout_basic, minmay_misc_feat_encased, minmay_large_rounded_square,
          grunt_ministairs_14
D:3:      layout_rooms, mainiacjoe_overflow_catwalk, old_standard_altar,
          uniq_robin

Skill      XL: |  1  2  3  4 |
---------------+-------------+-----
Conjurations   | 5 |  5.0
Dodging        | |  2.0
Stealth        | |  2.3
Spellcasting   | |  2.4

Action                   |  1- 3 |  4- 6 || total
-------------------------+-------+-------++-------
Melee: Unarmed           |     6 |       ||     6
       Short sword       |    10 |     6 ||    16
 Cast: Magic Dart        |    23 |       ||    23
       Searing Ray       |    24 |     3 ||    27
       Scorch            |       |     5 ||     5
  Use: Scroll            |     6 |     1 ||     7
Armor: Robe              |     2 |     1 ||     3
Dodge: Dodged            |    20 |     3 ||    23
